Map: Вечная империя РВ

Players

Doll

  • Race: Protoss Protoss
  • Spawn Location: 7:00

ИИ 1 (эксперт) - Winner!

  • Race: Terran Terran
  • Spawn Location: 1:00

VOD

Have the link to the VOD?

Description

Time

  • Played on: Sept. 18, 2020, 4:35 a.m.
  • Length: 6:19
Show
View Real Time Build Order
Export as new Build Order

Doll Protoss 

Build Orders:  

Get SALT Encoding   

  12  0:00  Probe  
  13  0:12  Probe  
  14  0:20  Pylon  
  14  0:24  Probe  
  15  0:38  Probe (Chrono Boost)  
  15  0:39  Gateway  
  17  0:50  Probe (Chrono Boost)  
  17  0:55  Gateway, Probe (Chrono Boost)  
  18  1:04  Assimilator  
  18  1:06  Probe (Chrono Boost)  
  19  1:14  Pylon  
  19  1:15  Probe (Chrono Boost)  
  20  1:22  Probe  
  21  1:27  Zealot  
  23  1:37  Probe  
  23  1:38  Cybernetics Core  
  24  1:44  Zealot  
  26  1:53  Pylon  
  27  1:54  Probe  
  27  1:59  Zealot  
  29  2:06  Assimilator  
  29  2:07  Probe  
  30  2:13  Warp Gate (Chrono Boost)  
  30  2:14  Adept  
  32  2:21  Probe  
  33  2:27  Adept  
  35  2:36  Pylon, Probe  
  36  2:44  Adept  
  36  2:51  Probe  
  39  2:57  Robotics Facility  
  39  2:58  Adept  
  41  3:11  Probe (Chrono Boost)  
  42  3:16  Adept  
  42  3:17  Pylon  
  44  3:22  Probe (Chrono Boost)  
  45  3:29  Twilight Council  
Show
View Real Time Build Order
Export as new Build Order

ИИ 1 (эксперт) Terran - Winner!

Build Orders:  

Get SALT Encoding   

  12  0:00  SCV  
  13  0:13  SCV  
  14  0:18  Supply Depot  
  14  0:25  SCV  
  15  0:40  SCV  
  15  0:42  Barracks  
  16  0:52  SCV  
  17  1:04  SCV  
  18  1:16  SCV  
  19  1:20  Command Center  
  19  1:29  Marine  
  20  1:35  Orbital Command  
  20  1:42  Refinery  
  20  1:47  Marine  
  20  1:51  Supply Depot  
  21  2:00  SCV  
  22  2:04  Refinery  
  22  2:05  Marine  
  23  2:16  Barracks  
  23  2:18  SCV  
  24  2:24  Marine  
  25  2:30  SCV  
  25  2:34  Supply Depot, SCV  
  27  2:47  Orbital Command  
  27  2:51  Marine  
  28  2:54  SCV  
  29  3:05  Factory  
  29  3:07  SCV  
  29  3:09  Marine  
  31  3:13  Marine  
  31  3:14  SCV  
  31  3:19  SCV  
  34  3:26  SCV  
  35  3:27  Marine  
  35  3:31  SCV, Marine  
  38  3:35  Barracks  
  38  3:39  SCV  
  39  3:43  SCV  
  39  3:46  Barracks Tech Lab  
  40  3:49  Barracks Tech Lab, Factory Tech Lab  
  40  3:51  Supply Depot, SCV  
  40  3:55  SCV  
  41  4:03  SCV  
  41  4:04  Marine  
  41  4:07  SCV, Stimpack, Marine  
  41  4:08  Siege Tank  
  48  4:14  Combat Shield  
  48  4:15  SCV  
  46  4:22  Marine x2  
  43  4:25  Marine  
  38  4:38  SCV  
  38  4:39  Marine  
  38  4:40  Marine  
  38  4:41  Hellion  
  38  4:42  SCV  
  38  4:43  Marine  
  41  4:50  SCV  
  34  4:53  Refinery  
  34  4:55  SCV  
  34  4:57  Marine  
  34  4:58  Marauder  
  33  5:00  Marine  
  33  5:02  SCV  
  29  5:07  SCV  
  29  5:14  SCV  
  29  5:15  Marine  
  29  5:19  Marauder x2, SCV  
  29  5:29  SCV  
  29  5:32  SCV  
  29  5:33  Marine  
  29  5:40  Marine  
  29  5:41  Marauder, SCV  
  31  5:44  SCV  
  31  5:51  Marine  
  31  5:53  SCV  
  31  5:56  SCV  
  31  6:05  SCV  
Tags
 
Add a new tag
Caveats
  • Supply blocks, unpowered buildings, or Contaminate may cause inaccurate times.
  • Supply counts are checked every 10 seconds.